 Dungeon Crawl Stone Soup version 0.23.2 (webtiles) character file.

Game seed: 10766852280750078518

199 sagitran the Slasher (level 5, -7/42 HPs)
             Began as a Demonspawn Chaos Knight on Apr 2, 2019.
             Was a Plaything of Xom.
             Mangled by a worm (9 damage)
             ... on level 3 of the Dungeon.
             The game lasted 00:06:39 (1489 turns).

sagitran the Slasher (Demonspawn Chaos Knight)      Turns: 1489, Time: 00:06:40

Health: -7/42      AC:  6    Str: 13    XL:     5   Next: 48%
Magic:  5/5        EV: 12    Int: 13    God:    Xom [.....*]
Gold:   143        SH:  0    Dex: 13    Spells: 4/4 levels left

rFire    . . .     SeeInvis .   a - +0 falchion (chaos)
rCold    . . .     Gourm    .   (no shield)
rNeg     . . .     Faith    .   b - +2 leather armour
rPois    .         Spirit   .   (helmet restricted)
rElec    .         Reflect  .   d - +0 cloak
rCorr    .         Harm     .   (no gloves)
MR       .....                  (no boots)
Stlth    +.........             (no amulet)
HPRegen  0.14/turn              (no ring)
MPRegen  0.09/turn              (no ring)

@: no status effects
A: antennae 1, rot immunity
a: Renounce Religion


You were on level 3 of the Dungeon.
You worshipped Xom.
You were Xom's teddy bear.
You were not hungry.

You visited 1 branch of the dungeon, and saw 3 of its levels.

You collected 143 gold pieces.

Inventory:

Hand Weapons
 a - a +0 falchion of chaos (weapon)
Missiles
 l - 4 javelins (quivered)
Armour
 b - a +2 leather armour (worn)
 d - a +0 cloak (worn)
Scrolls
 f - 2 scrolls of remove curse {unknown}
 g - a scroll of magic mapping {unknown}
 i - 2 scrolls of teleportation {unknown}
 j - a scroll of amnesia {unknown}
 k - 3 scrolls of identify {unknown}
 m - a scroll of fog {unknown}
Potions
 e - a potion of haste
 h - a potion of brilliance
 q - a potion of lignification {unknown}
Comestibles
 c - 3 rations
 o - 4 chunks of flesh


   Skills:
 + Level 4.0 Fighting
 + Level 4.2 Long Blades
 + Level 2.4 Armour
 + Level 2.0 Dodging
 + Level 0.9 Stealth


You had 4 spell levels left.
You didn't know any spells.
Your spell library was empty.

Dungeon Overview and Level Annotations

Branches:
Dungeon (3/15)

Altars:
Makhleb
Sif Muna
Vehumet

Annotations:
D:3 Purgy


Innate Abilities, Weirdness & Mutations

You have a pair of small antennae on your head.
You are immune to rotting.


Message History

Found 5 javelins.
A worm comes into view.
You hit the worm.
The worm is moderately wounded.
The worm bites you but does no damage.
You barely miss the worm.
The worm is moderately wounded.
You hit the worm but do no damage.
The worm is moderately wounded.
The worm bites you.
* * * LOW HITPOINT WARNING * * *
The quokka misses you. The worm bites you.
* * * LOW HITPOINT WARNING * * *
You hit the worm.
The worm is poisoned.
The worm is lightly wounded.
The quokka bites you.
* * * LOW HITPOINT WARNING * * *
The worm bites you!
You die...

#...#####......#
#.####.........## #.#
##.#.......### #.#
#............. #.#
#.....(##..##.# . #.#
##..........#.### ..
#.######...)###.#.._.. ..#
#.....##..........#.# ...#
##.#####.....@#.....###....#
#.# #....wr#.............
####.# ##.###.#>........)...
#.<..# #.#.........###....T
###### #.#.#.#.##### ..(
#.#.#.#.# . #.#...#.#
#.#...#.### #.'.......#


You could see a worm and a quokka.

Vanquished Creatures
  A boggart (D:1)
  An iguana (D:3)
  Natasha (D:2)
  An adder (D:3)
  2 oozes
  A worm (D:2)
  3 leopard geckos
  An orc (D:3)
  8 bats
  2 giant cockroaches (D:1)
  6 goblins
  3 hobgoblins
  6 kobolds
  A ball python (D:2)
  7 frilled lizards
  4 rats
48 creatures vanquished.

Notes
Turn   | Place    | Note
-------+----------+-------------------------------------------
     0 | D:1      | sagitran the Demonspawn Chaos Knight began the quest for
                  | the Orb.
     0 | D:1      | Reached XP level 1. HP: 18/18 MP: 1/1
     7 | D:1      | XOM: harmless Pois miscast
    40 | D:1      | XOM: divination: magic mapping
    41 | D:1      | XOM: harmless Pois miscast
    43 | D:1      | Reached skill level 1 in Dodging
    45 | D:1      | Gained mutation: You are immune to rotting. [demonic
                  | ancestry]
    45 | D:1      | Reached XP level 2. HP: 24/24 MP: 2/2
   277 | D:1      | XOM: silly message
   306 | D:1      | Noticed a boggart
   306 | D:1      | an ooze changed into a boggart
   310 | D:1      | XOM: potion effect (heal wounds)
   330 | D:1      | Killed a boggart
   330 | D:1      | Reached XP level 3. HP: 13/30 MP: 3/3
   330 | D:1      | Reached XP level 4. HP: 16/37 MP: 4/4
   464 | D:1      | XOM: harmless Fire miscast
   631 | D:2      | Found a radiant altar of Vehumet.
   631 | D:2      | Found a burning altar of Makhleb.
   716 | D:2      | XOM: divination: magic mapping
  1158 | D:2      | XOM: god gift: metallic purple potion {god gift}
  1234 | D:2      | XOM: harmless Pois miscast
  1294 | D:3      | Noticed Natasha
  1305 | D:2      | Killed Natasha
  1305 | D:2      | Gained mutation: You have a pair of small antennae on your
                  | head. [demonic ancestry]
  1305 | D:2      | Reached XP level 5. HP: 42/42 MP: 5/5
  1415 | D:3      | HP: 2/42 [iguana (4)]
  1422 | D:3      | HP: 1/42 [poisoned by an adder]
  1470 | D:3      | Found a deep blue altar of Sif Muna.
  1476 | D:3      | Noticed Purgy
  1489 | D:3      | HP: 2/42 [quokka (3)]
  1489 | D:3      | Mangled by a worm

Skill      XL: |  1  2  3  4  5 |
---------------+----------------+-----
Dodging        | 1 2 |  2.0
Long Blades    | 3 4 |  4.2
Armour         | 2 |  2.4
Fighting       | 4 |  4.0
Stealth        | |  0.9

Action                   |  1- 3 |  4- 6 || total
-------------------------+-------+-------++-------
Melee: Falchion          |    56 |    87 ||   143
  Use: Potion            |     3 |     3 ||     6
 Stab: Paralysed         |       |     5 ||     5
       Petrifying        |       |     2 ||     2
  Eat: Chunk             |       |     2 ||     2
Armor: Leather armour    |    44 |    31 ||    75
Dodge: Dodged            |    58 |    75 ||   133
       Rpst.: Falchion   |    18 |    24 ||    42
